 Dungeon Crawl Stone Soup version 0.30.1-11-g7821555f0a (webtiles) character file.

Game seed: 4113611014200208505

13596 Eryximachus the Tainter (level 12, -7/85 HPs)
             Began as an Octopode Conjurer on Dec 3, 2023.
             Was an Initiate of Gozag.
             Mangled by a minotaur
             ... wielding a +0 flail
              (41 damage)
             ... in a Gauntlet.
             The game lasted 01:04:18 (21268 turns).

Eryximachus the Tainter (Octopode Conjurer)        Turns: 21268, Time: 01:04:18

Health: -7/85      AC:  1    Str: 12    XL:     12   Next: 7%
Magic:  16/22      EV: 13    Int: 38    God:    Gozag
Gold:   2284       SH: 11    Dex: 10    Spells: 14/25 levels left

rFire   + . .        J - +0 demon whip (venom)
rCold   . . .        b - +1 buckler
rNeg    . . .        (helmet restricted)
rPois   +            u - amulet of reflection
rElec   .            P - ring of poison resistance
rCorr   .            S - +6 ring of strength
SInv    +            I - +6 ring of intelligence
Will    .....        v - ring of see invisible
Stlth   ++++         i - +6 ring of intelligence
HPRegen 0.34/turn    F - ring of protection from fire
MPRegen 0.18/turn    (no ring)
                     (no ring)

%: no teleportation, reflection
@: brilliant, radiating poison, very slightly contaminated, studying Unarmed
Combat
A: almost no armour, amphibious, 8 rings, camouflage 1, gelatinous body 1,
(nimble swimmer 1), tentacles
a: Renounce Religion, Potion Petition, Call Merchant, Bribe Branch


You were in a Gauntlet.
You worshipped Gozag.
Gozag was most pleased with you.
You visited 3 branches of the dungeon, and saw 14 of its levels.
You also visited: Gauntlet.

You collected 2508 gold pieces.
You spent 114 gold pieces at shops.
You paid 110 gold pieces to Gozag.


Innate Abilities, Weirdness & Mutations

You cannot wear most types of armour.
You are amphibious.
You can wear up to eight rings at the same time.
Your skin changes colour to match your surroundings (Stealth+).
Your rubbery body absorbs attacks. (AC +1, EV +1)
((You are camouflaged when in or above water. (Stealth+)))
You have tentacles for arms and can constrict up to eight enemies at once.


   Skills:
 - Level 9.0 Fighting
 + Level 4.3 Maces & Flails
 - Level 4.0 Dodging
 - Level 6.0 Stealth
 - Level 5.0 Shields
 - Level 7.0 Spellcasting
 - Level 8.0 Conjurations
 - Level 6.0 Translocations
 - Level 10.0 Poison Magic
 - Level 3.0 Evocations


You had 14 spell levels left.
You knew the following spells:

 Your Spells              Type           Power      Damage    Failure   Level
m - Magic Dart            Conj           100%       1d8       1%          1
o - Olgreb's Toxic Radia  Pois           93%        N/A       1%          4
s - Searing Ray           Conj           100%       2d8       1%          2
X - Iskenderun's Mystic   Conj/Tloc      79%        2d16      1%          4

Your spell library contained the following spells:

 Spells                   Type           Power      Damage    Failure   Level
 Sting                    Tmut/Pois      100%       1d8       1%          1
 Poisonous Vapours        Pois/Air       100%       N/A       1%          2
 Dazzling Flash           Conj/Hex       100%       N/A       1%          3
 Slow                     Hex            76%        N/A       3%          1
 Fulminant Prism          Conj/Hex       30%        3d16      7%          4
 Confusing Touch          Hex            19%        N/A       11%         3
 Vampiric Draining        Necr           19%        2d7       11%         3

Inventory:

Hand Weapons
 J - a +0 demon whip of venom (weapon)
Missiles
 e - 20 poisoned darts (quivered)
 w - 5 curare-tipped darts {=f}
Armour
 b - a +1 buckler (worn)
Magical Staves
 E - the staff of conjuration "Xoann" {Stlth+, !a}
   (You found it in a Gauntlet)

   [staff of conjuration]

   Base accuracy: +5 Base damage: 5 Base attack delay: 1.2 This weapon's minimum
   attack delay (0.6) is reached at skill level 12.
   Stlth:     It makes you more stealthy.
   It falls into the 'Staves' category.
   It is a one-tentacled weapon.
Jewellery
 c - an amulet of magic regeneration
 i - a +6 ring of intelligence (on tentacle)
 o - the ring "Zood" {Ice Int+3}
   (You found it in a Gauntlet)

   [ring of ice]

   It enhances your ice magic.
   Int:       It affects your intelligence (+3).
   rF:        It makes you vulnerable to fire.
   rC:        It protects you from cold.
 u - an amulet of reflection (around mantle)
 v - a ring of see invisible (on tentacle)
 F - a ring of protection from fire (on tentacle)
 I - a +6 ring of intelligence (on tentacle)
 P - a ring of poison resistance (left tentacle)
 S - a +6 ring of strength (right tentacle)
Wands
 q - a wand of polymorph (13)
 K - a wand of mindburst (8)
Scrolls
 m - 2 scrolls of enchant armour
 n - 5 scrolls of teleportation {@r2}
 p - 2 scrolls of magic mapping
 r - 2 scrolls of poison
 s - 3 scrolls of enchant weapon
 x - a scroll of noise {unknown}
 y - 2 scrolls of vulnerability {unknown}
 B - 2 scrolls of butterflies {unknown}
 C - a scroll of blinking {unknown}
 D - a scroll of brand weapon {unknown}
Potions
 a - 2 potions of magic
 d - 4 potions of flight
 f - 2 potions of curing {@q1}
 h - 2 potions of attraction
 j - 4 potions of heal wounds {@q2}
 k - 2 potions of haste {@q3}
 l - a potion of lignification
 t - 2 potions of mutation
 z - 3 potions of might
 A - a potion of degeneration
 G - a potion of invisibility {unknown}

Dungeon Overview and Level Annotations

Branches:
Dungeon (11/15)            Temple (1/1) D:6             Orc (2/2) D:9
    Elf (0/3) Orc:2       Gauntlet (1/1)
   Lair: D:8-11

Altars:
Ashenzari
Cheibriados
Dithmenos
Elyvilon
Fedhas
Gozag
Hepliaklqana
Kikubaaqudgha
Makhleb
Nemelex Xobeh
Okawaru
Qazlal
Ru
Sif Muna
Trog
Uskayaw
Vehumet
Wu Jian
Xom
Yredelemnul
Zin
The Shining One

Shops:
D:2 [   D:3 !   D:10 *   Orc:1 (

Portals:
Abyss: Orc:1

Annotations:
D:7 1 runed translucent door, MrSquiggles's ghost, novice DsFi
D:8 3 runed translucent doors, exclusion: downstairs, middlethird's ghost, novice VSMo
D:11 exclusions: 2 boulder beetles, centaur and cyclops, Urug
Orc:1 2 transporters, Maceod's ghost, journeyman DESu Gauntlet 8 transporters, exclusion: lightning spire

##+### #.⌠.. #...⌠ ⌠.. ..∩ #.#
▓▓▓▓###H####▓▓▓ ▓......@......▓
▓.▓▓▓.▓▓▓.▓▓▓.▓ ▓.............▓
▓▓▓.▓▓▓.▓▓▓.▓▓▓ ▓▓▓.▓▓▓.▓▓▓.▓▓▓
▓.............▓ ▓▓...©.©.©...▓▓
▒▒▒▒▒▒▒▒▒▒▓▓..8.8.8..▓▓▒▒▒▒▒▒▒▒▒▒
≈▒≈▒≈▒≈▒§▒▒▒▒.......▒▒▒▒≈▒≈▒≈▒≈▒≈


You could see a minotaur (very poisoned).


Message History

You feel clever all of a sudden.
You open the door.
A minotaur comes into view.
It is wielding a +0 flail and quivering silver javelins.
Found a wand of mindburst (4).
Found a gate leading back out of this place.
Casting: Searing Ray (safe; 1% risk of failure)
Confirm with . or Enter, or press ? or * to list all spells.
You feel a surge of power!
You begin to radiate toxic energy.
The minotaur bellows!
The minotaur is poisoned.
Unknown command.
Casting: Olgreb's Toxic Radiance (mildly dangerous; 1% risk of failure)
Confirm with . or Enter, or press ? or * to list all spells.
You feel a surge of power!
Your toxic radiance grows in intensity.
The minotaur looks even sicker.
Unknown command.
Casting: Olgreb's Toxic Radiance (mildly dangerous; 1% risk of failure)
Confirm with . or Enter, or press ? or * to list all spells.
You feel a surge of power!
You miscast Iskenderun's Mystic Blast.
You are very lightly contaminated with residual magic.
Nothing appears to happen.
The minotaur looks even sicker.
The minotaur hits you with a +0 flail!!!
The minotaur gores you!
* * * LOW HITPOINT WARNING * * *
As you read the scroll of fear, it crumbles to dust.
You assume a fearsome visage.
The minotaur looks frightened!
Your attack snaps the minotaur out of its fear.
The minotaur hits you with a +0 flail!!!
You die...
Your body crumbles into a pile of gold.

Skill      XL: |  1  2  3  4  5  6  7  8  9 10 11 12 |
---------------+-------------------------------------+-----
Stealth        | 3 4 6 |  6.0
Fighting       | 1 2 3 4 5 7 9 |  9.0
Conjurations   | 5 6 8 |  8.0
Spellcasting   | 3 4 5 7 |  7.0
Translocations | 3 5 6 |  6.0
Shields        | 1 4 5 |  5.0
Evocations     | 2 3 |  3.0
Dodging        | 4 |  4.0
Poison Magic   | 7 8 10 | 10.0
Maces & Flails | 3 4 |  4.3

Action                     |  1- 3 |  4- 6 |  7- 9 | 10-12 || total
---------------------------+-------+-------+-------+-------++-------
  Melee: Dagger            |    21 |    13 |       |       ||    34
         Constrict         |     5 |     4 |    19 |     9 ||    37
         Tentacles         |     3 |     2 |    20 |    12 ||    37
         Flail             |       |     2 |    77 |       ||    79
         Unarmed           |       |       |     6 |       ||     6
         Whip              |       |       |     4 |    24 ||    28
         Demon whip        |       |       |       |    28 ||    28
  Throw: Dart              |       |       |     4 |     2 ||     6
   Cast: Magic Dart        |    18 |     3 |    46 |    18 ||    85
         Searing Ray       |     5 |    18 |    81 |    54 ||   158
         Iskenderun's Myst |       |       |     2 |     8 ||    10
         Olgreb's Toxic Ra |       |       |       |    48 ||    48
    Use: Potion            |     1 |       |       |     2 ||     3
         Scroll            |       |       |     7 |     6 ||    13
   Stab: Sleeping          |     5 |     2 |     3 |     1 ||    11
 Armour: Skin              |     3 |     1 |    16 |     1 ||    21
  Dodge: Dodged            |    20 |    24 |    67 |    72 ||   183
  Block: Other             |       |       |     7 |       ||     7
         Buckler           |       |       |    38 |    76 ||   114
         Reflection        |       |       |       |    27 ||    27

Levels and vault maps discovered:
D:1:      evilmike_arrival_rings, layout_loops_ring, minmay_misc_feat_alley
D:2:      layout_loops_ring, serial_shops, nicolae_lakefront_shop, uniq_terence,
          uniq_sigmund
D:3:      layout_loops_ring, hellmonk_ecumenical_altar_zigzags, serial_shops,
          shop, st_stairs_7, kennysheep_generic_room_6
D:4:      layout_rooms, serial_park_tiny_pond, corner_web_ring,
          amcnicky_mini_rare_corridor_liquid, uniq_robin
D:5:      layout_basic
D:6:      layout_loops_ring, minmay_temple_entry_gardened_gates, uniq_duvessa
D:7:      layout_rooms, gammafunk_ghost_grave
D:8:      layout_basic, mainiacjoe_overflow_concentric_impassable,
          ebering_ghost_rock_garden, eino_tiny_chamber
D:9:      layout_cave_pools, david_orc_1_choice, uniq_amaemon, uniq_joseph
D:10:     layout_basic, serial_shops, shop, hex_tiny
D:11:     layout_irregular_city, erik_lair_dragon, uniq_urug
Temple:   kilobyte_greek_temple
Orc:1:    layout_diamond_mine, gammafunk_ghost_abyssal_escape, serial_shops,
          nicolae_diamond_shop, basic_altar
Orc:2:    grunt_orc_cross, layout_diamond_mine, basic_altar,
          gauntlet_entry_generic, serial_shops, nicolae_shop_drivethru
Gauntlet: minmay_gauntlet_mixed_oops_all_seconds
          [minmay_gauntlet_arena_77_radiant_squares,
          gammafunk_gauntlet_arena_teeth, minmay_gauntlet_arena_77_museum,
          nicolae_gauntlet_swirl, minmay_gauntlet_arena_77_path,
          gammafunk_gauntlet_arena_corners, gauntlet_exit_hidden_loot]

Notes
Turn   | Place    | Note
-------+----------+-------------------------------------------
     0 | D:1      | Eryximachus the Octopode Conjurer began the quest for the
                  | Orb.
     0 | D:1      | Reached XP level 1. HP: 11/11 MP: 3/3
   368 | D:1      | Reached skill level 3 in Stealth
   368 | D:1      | Reached XP level 2. HP: 18/18 MP: 3/5
   371 | D:1      | Learned a level 2 spell: Searing Ray
   530 | D:1      | Reached skill level 1 in Fighting
   675 | D:1      | Reached XP level 3. HP: 21/23 MP: 6/6
  1107 | D:2      | Noticed Sigmund
  1117 | D:2      | Killed Sigmund
  1118 | D:2      | Reached skill level 5 in Conjurations
  1118 | D:2      | Reached skill level 3 in Spellcasting
  1118 | D:2      | Reached skill level 2 in Fighting
  1118 | D:2      | Reached XP level 4. HP: 13/29 MP: 1/8
  1118 | D:2      | Reached XP level 5. HP: 16/34 MP: 1/9
  1516 | D:2      | Noticed Terence
  1521 | D:2      | Killed Terence
  1522 | D:2      | Reached skill level 6 in Conjurations
  1522 | D:2      | Reached XP level 6. HP: 41/41 MP: 6/10
  1527 | D:2      | Learned a level 4 spell: Iskenderun's Mystic Blast
  1796 | D:2      | Found Xeytz's Antique Armour Shop.
  2361 | D:3      | Found Herusod's Distillery.
  2491 | D:3      | You fall into a shaft and drop 3 floors!
  2580 | D:6      | Noticed a black bear
  2599 | D:6      | Reached skill level 3 in Fighting
  2600 | D:6      | Noticed Dowan
  2635 | D:6      | Reached skill level 2 in Translocations
  2778 | D:5      | Entered Level 5 of the Dungeon
  2784 | D:5      | Reached skill level 3 in Translocations
  2784 | D:5      | Reached XP level 7. HP: 46/46 MP: 8/11
  2873 | D:5      | Reached skill level 4 in Translocations
  2922 | D:5      | Reached skill level 5 in Translocations
  3581 | D:3      | Found a faded altar of an unknown god.
  3870 | D:4      | Noticed Robin
  3877 | D:4      | Killed Robin
  4014 | D:4      | Reached skill level 4 in Spellcasting
  4154 | D:4      | Reached skill level 1 in Shields
  4154 | D:4      | Reached XP level 8. HP: 40/52 MP: 14/14
  4235 | D:4      | Reached skill level 2 in Shields
  5082 | D:6      | Reached skill level 4 in Fighting
  5082 | D:6      | Reached skill level 3 in Shields
  5255 | D:6      | Reached skill level 4 in Shields
  5435 | D:6      | Noticed a troll
  5452 | D:6      | Reached skill level 1 in Evocations
  5542 | D:6      | Found a staircase to the Ecumenical Temple.
  5551 | Temple   | Entered the Ecumenical Temple
  5660 | Temple   | Became a worshipper of Gozag Ym Sagoz the Greedy
  5855 | D:6      | Reached skill level 4 in Stealth
  5912 | D:6      | Reached skill level 2 in Evocations
  5986 | D:6      | Reached XP level 9. HP: 31/58 MP: 0/15
  5995 | D:6      | Reached skill level 3 in Dodging
  6359 | D:6      | Reached skill level 5 in Stealth
  6456 | D:6      | Noticed Duvessa
  6462 | D:6      | Killed Duvessa
  6463 | D:6      | Reached skill level 5 in Shields
  6463 | D:6      | Reached skill level 3 in Evocations
  6463 | D:6      | Killed Dowan
  6722 | D:7      | Reached skill level 6 in Stealth
  6874 | D:7      | Reached skill level 4 in Dodging
  6915 | D:6      | Learned a level 4 spell: Olgreb's Toxic Radiance
  6936 | D:7      | Reached skill level 1 in Poison Magic
  7170 | D:7      | Reached skill level 2 in Poison Magic
  7645 | D:7      | Noticed MrSquiggles's ghost (novice DsFi)
  7647 | D:7      | Found a runed translucent door.
  7976 | D:7      | Reached skill level 3 in Poison Magic
  8286 | D:7      | Reached skill level 4 in Poison Magic
  8459 | D:7      | Reached skill level 5 in Fighting
  8920 | D:8      | Noticed a troll
  8961 | D:8      | Noticed a hornet
  9042 | D:8      | Reached skill level 5 in Poison Magic
  9147 | D:8      | Found a runed translucent gate.
  9150 | D:8      | Found a runed translucent gate.
  9150 | D:8      | Found a runed translucent gate.
  9152 | D:8      | Noticed middlethird's ghost (novice VSMo)
  9242 | D:8      | Found a glowing golden altar of the Shining One.
  9303 | D:8      | Killed a troll
  9304 | D:8      | Reached skill level 6 in Poison Magic
 10897 | D:8      | Killed a hornet
 10898 | D:8      | Reached skill level 7 in Poison Magic
 10898 | D:8      | Reached XP level 10. HP: 66/66 MP: 3/16
 11417 | D:9      | Noticed a two-headed ogre
 11456 | D:9      | Noticed an orange demon
 11610 | D:9      | Found a staircase to the Orcish Mines.
 11658 | D:8      | Reached skill level 8 in Poison Magic
 12838 | D:6      | Reached skill level 5 in Spellcasting
 12838 | D:6      | Reached skill level 6 in Translocations
 13300 | D:9      | Noticed Joseph
 13388 | D:9      | Reached skill level 6 in Fighting
 13400 | D:9      | Reached skill level 7 in Fighting
 14750 | D:9      | Reached XP level 11. HP: 68/75 MP: 1/19
 15597 | D:9      | Noticed Amaemon
 15702 | D:9      | Killed Amaemon
 15704 | D:9      | Reached skill level 9 in Poison Magic
 15966 | D:9      | Killed Joseph
 15967 | D:9      | Reached skill level 6 in Spellcasting
 15967 | D:9      | Reached skill level 7 in Conjurations
 16360 | D:9      | Killed a two-headed ogre
 16361 | D:9      | Reached skill level 8 in Fighting
 16462 | D:10     | Entered Level 10 of the Dungeon
 16548 | D:10     | Found Romos's General Store.
 16560 | D:10     | Bought a scroll of identify for 24 gold pieces
 16560 | D:10     | Bought a scroll of magic mapping for 90 gold pieces
 17894 | D:11     | Noticed a cyclops
 18506 | D:11     | Noticed a boulder beetle
 18559 | D:11     | Noticed a boulder beetle
 18713 | D:11     | Noticed a centaur warrior
 18714 | D:11     | Killed a centaur warrior
 18715 | D:11     | Reached skill level 10 in Poison Magic
 18778 | D:11     | Noticed a cyclops
 18784 | D:11     | Killed a cyclops
 18785 | D:11     | Reached skill level 8 in Conjurations
 18785 | D:11     | Noticed Urug
 19025 | Orc:1    | Entered Level 1 of the Orcish Mines
 19046 | Orc:1    | Found a transporter.
 19050 | Orc:1    | Noticed a worldbinder
 19061 | Orc:1    | Noticed a sun demon
 19069 | Orc:1    | Noticed Maceod's ghost (journeyman DESu)
 19076 | Orc:1    | Reached skill level 7 in Spellcasting
 19198 | Orc:1    | Found Jiochog's Antique Weapon Shop.
 19271 | Orc:1    | Noticed an orc sorcerer
 19273 | Orc:1    | Noticed a sixfirhy
 19277 | Orc:1    | Killed an orc sorcerer
 19278 | Orc:1    | Reached skill level 9 in Fighting
 19278 | Orc:1    | Reached skill level 2 in Maces & Flails
 19575 | Orc:1    | Found a one-way gate to the infinite horrors of the Abyss.
 19616 | Orc:1    | Noticed a thrashing horror
 19622 | Orc:1    | Found a transporter.
 19751 | Orc:2    | Entered Level 2 of the Orcish Mines
 19760 | Orc:2    | Found a staircase to the Elven Halls.
 19814 | Orc:2    | Found a gate leading to a gauntlet.
 19823 | Gauntlet | Entered a Gauntlet
 19823 | Gauntlet | Noticed a ghost crab
 19823 | Gauntlet | Found a transporter.
 19956 | Gauntlet | Noticed a sixfirhy
 19957 | Gauntlet | Noticed a sixfirhy
 19957 | Gauntlet | Noticed a sixfirhy
 19959 | Gauntlet | Found a transporter.
 19960 | Gauntlet | Found a transporter.
 19963 | Gauntlet | Found a transporter.
 19963 | Gauntlet | Noticed a sixfirhy
 19964 | Gauntlet | Found a transporter.
 19965 | Gauntlet | Found a transporter.
 19972 | Gauntlet | Found a runed translucent door.
 19974 | Gauntlet | Found a transporter.
 19980 | Gauntlet | Noticed a dire elephant
 19982 | Gauntlet | Found a transporter.
 19994 | Gauntlet | Found a transporter.
 20013 | Gauntlet | Found a transporter.
 20017 | Gauntlet | Found a transporter.
 20025 | Gauntlet | Found a transporter.
 20169 | Gauntlet | Reached skill level 3 in Maces & Flails
 20169 | Gauntlet | Reached XP level 12. HP: 37/85 MP: 17/22
 21027 | Gauntlet | Identified the ring "Zood" {Ice Int+3}
 21060 | Gauntlet | Reached skill level 4 in Maces & Flails
 21248 | Gauntlet | Identified the staff of conjuration "Xoann" {Stlth+}
 21264 | Gauntlet | Noticed a minotaur
 21268 | Gauntlet | Mangled by a minotaur

Vanquished Creatures
  A centaur warrior (D:11)
  A two-headed ogre (D:9)
  Amaemon (D:9)
  An orc sorcerer (Orc:1)
  A cyclops (D:11)
  Joseph (D:9)
  An orange demon (D:9)
  A kobold demonologist (D:11)
  An unseen horror (D:10)
  3 trolls
  3 meliai (Gauntlet)
  A raiju (Gauntlet)
  A hornet (D:8)
  Sigmund (D:2)
  15 yaks
  2 wyverns (D:9)
  A wraith (D:11)
  2 steam dragons (D:9)
  3 vampire mosquitoes (D:8)
  An acid dragon (D:6)
  2 wargs
  Duvessa (D:6)
  7 orc warriors
  3 sky beasts
  An ice beast (D:4)
  A black bear (D:6)
  3 ogres
  8 centaurs
  A kobold brigand (D:7)
  4 bullfrogs
  A gnoll sergeant (D:10)
  3 scorpions
  9 wights
  Dowan (D:6)
  5 killer bees (D:7)
  A howler monkey (D:8)
  A jelly (D:5)
  3 orc priests
  3 hounds
  Terence (D:2)
  3 sleepcaps
  2 gnoll boudas
  12 orc wizards
  7 iguanas
  2 lightning spires (Gauntlet)
  Robin (D:4)
  12 gnolls
  6 adders
  2 shadow imps
  A white imp (D:6)
  An ufetubus (D:6)
  A worm (D:4)
  A dart slug (D:2)
  60 orcs
  10 ball pythons
  6 bats
  4 endoplasms
  A giant cockroach (D:4)
  11 goblins
  12 hobgoblins
  2 jackals (D:3)
  14 kobolds
  5 quokkas
  5 frilled lizards
  5 rats
287 creatures vanquished.

Table legend: (Time is in decaauts)
 A = Elapsed time spent in this place.
 B = Non-inter-level travel time spent in this place.
 C = Inter-level travel time spent in this place.
 D = Time resting spent in this place.
 E = Time spent auto-exploring this place.
 F = Levels seen in this place.
 G = Mean time per level.
                   A        B        C        D        E       F      G
               +--------+--------+--------+--------+--------+-----+--------+
         Total |  21285 |  19879 |   1406 |  10202 |   5781 |  15 | 1419.0 |
       Dungeon |  18892 |  17529 |   1363 |   8768 |   5166 |  11 | 1717.5 |
        Temple |    149 |    110 |     39 |      0 |     98 |   1 |  149.0 |
  Orcish Mines |    798 |    795 |      3 |    335 |    344 |   2 |  399.0 |
      Gauntlet |   1444 |   1444 |      0 |   1099 |    173 |   1 | 1444.0 |
               +--------+--------+--------+--------+--------+-----+--------+

Top non-repeatable levels by time:
     D:8: 3816 daAuts
     D:9: 3068 daAuts
     D:6: 2505 daAuts
     D:7: 2405 daAuts
    D:10: 1490 daAuts
Gauntlet: 1444 daAuts
     D:2: 1304 daAuts
    D:11: 1033 daAuts
     D:1: 883 daAuts
     D:3: 846 daAuts
     D:4: 846 daAuts
   Orc:1: 726 daAuts
     D:5: 691 daAuts
  Temple: 149 daAuts
   Orc:2: 72 daAuts

Table legend:
 A = Non-vault XP
 B = Vault XP
 C = Vault XP percentage of total XP
 D = Non-vault monster count
 E = Vault monster count
 F = Vault count percentage of total count
                 A         B        C        D         E       F
            +---------+---------+-------+---------+---------+-------
      Total |   15409 |    4014 |  20.7 |     250 |      37 |  12.9
            +---------+---------+-------+---------+---------+-------
        D:1 |      35 |       0 |   0.0 |      20 |       0 |   0.0
        D:2 |      44 |     264 |  85.7 |      13 |       2 |  13.3
        D:3 |      59 |      16 |  21.3 |      20 |       3 |  13.0
        D:4 |     296 |      37 |  11.1 |      19 |      12 |  38.7
        D:5 |     511 |       0 |   0.0 |      20 |       0 |   0.0
        D:6 |    1652 |     214 |  11.5 |      29 |       2 |   6.5
        D:7 |    1585 |       0 |   0.0 |      42 |       0 |   0.0
        D:8 |    1367 |     153 |  10.1 |      22 |       1 |   4.3
        D:9 |    4048 |    2083 |  34.0 |      24 |      11 |  31.4
       D:10 |    1924 |       0 |   0.0 |      23 |       0 |   0.0
       D:11 |    2657 |       0 |   0.0 |       9 |       0 |   0.0
      Orc:1 |    1115 |       0 |   0.0 |       8 |       0 |   0.0
      Orc:2 |     116 |       0 |   0.0 |       1 |       0 |   0.0
   Gauntlet |       0 |    1247 | 100.0 |       0 |       6 | 100.0
            +---------+---------+-------+---------+---------+-------
